 Seeded DCSS version 0.30-a0-1066-g63dfefce0d (webtiles) character file.

Game seed: 13020561292390072626 (custom seed)

14 Pimp the Stinger (level 2, -2/20 HPs)
             Began as a Draconian Venom Mage on Apr 12, 2023.
             Slain by Natasha (7 damage)
             ... on level 2 of the Dungeon.
             The game lasted 00:01:36 (833 turns).

Pimp the Stinger (Draconian Venom Mage)              Turns: 833, Time: 00:01:37

Health: -2/20      AC:  4    Str: 10    XL:     2   Next: 31%
Magic:  5/5        EV: 12    Int: 15    God:
Gold:   22         SH:  0    Dex: 11    Spells: 4/5 levels left

rFire   . . .      SeeInvis .    b - +2 war axe (venom)
rCold   . . .      Faith    .    (no shield)
rNeg    . . .      Spirit   .    (body armour unavailable)
rPois   .          Reflect  .    (helmet restricted)
rElec   .          Rampage  .    (no cloak)
rCorr   .                        (no gloves)
Will    .....                    (no boots)
Stlth   ++                       (no amulet)
HPRegen 0.23/turn                (no ring)
MPRegen 0.09/turn                (no ring)

@: slowed, very slow
A: AC +4, unfitting armour, cold-blooded
a: no special abilities


You were on level 2 of the Dungeon.
You visited 1 branch of the dungeon, and saw 2 of its levels.

You collected 22 gold pieces.

Inventory:

Hand Weapons
 b - a +2 war axe of venom (weapon)
Scrolls
 c - a scroll of magic mapping {unknown}
 e - a scroll of teleportation {unknown}
 f - a scroll of noise {unknown}
 g - a scroll of blinking {unknown}
 h - a scroll of enchant armour {unknown}
 i - a scroll of silence {unknown}
 k - a scroll of brand weapon {unknown}
Potions
 a - a potion of magic
 d - a potion of might {unknown}
 j - 2 potions of cancellation {unknown}
 l - a potion of mutation {unknown}


   Skills:
 + Level 0.0 Fighting
 + Level 0.0 Axes
 + Level 2.0 Dodging
 - Level 2.0 Stealth
 + Level 2.2 Spellcasting
 + Level 1.3 Transmutations
 * Level 3.1 Poison Magic


You had 4 spell levels left.
You knew the following spells:

 Your Spells              Type           Power      Damage    Failure   Level
a - Sting                 Tmut/Pois      32%        1d4       9%          1

Your spell library contained the following spells:

 Spells                   Type           Power      Damage    Failure   Level
 Poisonous Vapours        Pois/Air       12%        N/A       17%         2
 Mephitic Cloud           Conj/Pois/Air  4%         N/A       38%         3
 Olgreb's Toxic Radiance  Pois           11%        N/A       52%         4


Dungeon Overview and Level Annotations

Branches:
Dungeon (2/15)

Altars:

Annotations:
D:2 Natasha


Innate Abilities, Weirdness & Mutations

Your plain brown scales are hard. (AC +4)
You cannot fit into any form of body armour.
You are cold-blooded and may be slowed by cold attacks.


Message History

Key pressed, stopping explore.
Done exploring.
Done exploring.
Done exploring.
You see here a ball python skeleton.
There is a stone staircase leading down here.
There is a stone staircase leading down here.
You climb downwards.
There is a stone staircase leading up here.
k - a scroll labelled EHOQAYR HEEKOD
l - a sedimented dark potion Natasha, Servant of Life and Death comes into view.
Found a leather armour.
Found a fizzy yellow potion.
Natasha casts a spell at you. The magic dart hits you! Natasha claws you.
You closely miss Natasha. Natasha barely misses you.
Natasha casts a spell at you.
You feel yourself slow down.
You slash Natasha!
Natasha is severely wounded.
Natasha misses you. Natasha barely misses you.
You closely miss Natasha.
Natasha is severely wounded.
Natasha claws you but does no damage. Natasha closely misses you.
You barely miss Natasha.
Natasha is severely wounded.
Natasha claws you. x2
* * * LOW HITPOINT WARNING * * *
Natasha barely misses you.
You completely miss Natasha.
Your tail-slap misses Natasha.
Natasha is severely wounded.
Natasha barely misses you.
Natasha hisses.
Natasha misses you.
You hit Natasha.
Natasha is almost dead.
Natasha claws you!
You die...

####.# ....[
#...### #...#!.
#...#.# #...#.# #
#####...#.# .##
#.......!.##...#
#.###.....@h.# #.#
#..#####....# #.#
#..# .#.# #.# #..#
#
#.####.###..######
#.................
######.###########
###.# #...#


You could see Natasha.

Vanquished Creatures
  A dart slug (D:1)
  An endoplasm (D:1)
  2 goblins (D:1)
  2 hobgoblins (D:1)
  A kobold (D:1)
  2 ball pythons (D:1)
  A bat (D:1)
  A frilled lizard (D:1)
  A rat (D:1)
12 creatures vanquished.

Notes
Turn   | Place    | Note
-------+----------+-------------------------------------------
     0 | D:1      | Pimp the Draconian Venom Mage began the quest for the Orb.
     0 | D:1      | Reached XP level 1. HP: 14/14 MP: 3/3
    32 | D:1      | Identified a scroll of acquirement
    32 | D:1      | Acquired a +2 war axe of venom
   398 | D:1      | Reached XP level 2. HP: 20/20 MP: 5/5
   823 | D:2      | Noticed Natasha
   833 | D:2      | Slain by Natasha

Illustrated notes

Levels and vault maps discovered:
D:1:      lightli_arrival_lavapool, layout_basic
D:2:      layout_loops_ring, uniq_natasha

Skill      XL: |  1  2 |
---------------+-------+-----
Stealth        | 2 |  2.0
Dodging        | 2 |  2.0
Spellcasting   | |  2.2
Transmutations | |  1.3
Poison Magic   | |  3.1

Action                     || total
---------------------------++-------
  Melee: War axe           ||    37
         Tailslap          ||     1
   Cast: Sting             ||     1
    Use: Scroll            ||     1
   Stab: Sleeping          ||     3
 Armour: Skin              ||    13
  Dodge: Dodged            ||    31

Table legend: (Time is in decaauts)
 A = Elapsed time spent in this place.
 B = Non-inter-level travel time spent in this place.
 C = Inter-level travel time spent in this place.
 D = Time resting spent in this place.
 E = Time spent auto-exploring this place.
 F = Levels seen in this place.
 G = Mean time per level.
                   A        B        C        D        E       F      G
               +--------+--------+--------+--------+--------+-----+--------+
         Total |    853 |    853 |      0 |     42 |    631 |   2 |  426.5 |
       Dungeon |    853 |    853 |      0 |     42 |    631 |   2 |  426.5 |
               +--------+--------+--------+--------+--------+-----+--------+

Top non-repeatable levels by time:
     D:1: 808 daAuts
     D:2: 45 daAuts
